 Seeded DCSS version 0.28-a0-1227-ga9037bb4c8 (webtiles) character file.

Game seed: 11023650935340118060 (custom seed)

289 wilfster70 the Digger (level 6, -2/32 HPs)
             Began as a Gargoyle Earth Elementalist on Dec 22, 2021.
             Slain by an orc (5 damage)
             ... on level 3 of the Dungeon.
             The game lasted 00:08:40 (3947 turns).

wilfster70 the Digger (Gargoyle Earth Elementalist) Turns: 3947, Time: 00:08:41

Health: -2/32      AC:  6    Str: 12    XL:     6   Next: 31%
Magic:  3/9        EV: 11    Int: 17    God:
Gold:   99         SH:  0    Dex: 10    Spells: 5/9 levels left

rFire   . . .      SeeInvis .   a - +0 dagger
rCold   . . .      Faith    .   (no shield)
rNeg    + . .      Spirit   .   b - +0 robe
rPois   ∞          Reflect  .   (no helmet)
rElec   +          Harm     .   (no cloak)
rCorr   .          Rampage  .   (no gloves)
Will    .....                   (no boots)
Stlth   ++........              (no amulet)
HPRegen 0.10/turn               (no ring)
MPRegen 0.11/turn               (no ring)

@: no status effects
A: sickness immunity, AC +4, negative energy resistance 1, electricity
resistance, torment resistance 1, petrification resistance
a: no special abilities


You were on level 3 of the Dungeon.
You visited 1 branch of the dungeon, and saw 3 of its levels.

You collected 99 gold pieces.

Inventory:

Hand Weapons
 a - a +0 dagger (weapon)
Missiles
 c - 87 stones
 f - 14 sling bullets
Armour
 b - a +0 robe (worn)
Scrolls
 d - a scroll of blinking
 e - 2 scrolls of vulnerability {unknown}
 i - a scroll of magic mapping {unknown}
 j - a scroll of brand weapon {unknown}
Potions
 g - 2 potions of curing {unknown}
 h - a potion of magic {unknown}


   Skills:
 - Level 1.5 Dodging
 - Level 2.2 Stealth
 - Level 2.0 Spellcasting
 + Level 4.5 Conjurations
 - Level 0.7 Transmutations
 - Level 6.3 Earth Magic


You had 5 spell levels left.
You knew the following spells:

 Your Spells              Type           Power      Damage    Failure   Level
a - Sandblast             Erth           46%        2d11      1%          1
b - Stone Arrow           Conj/Erth      40%        3d9       6%          3

Your spell library contained the following spells:

 Spells                   Type           Power      Damage    Failure   Level
 Passwall                 Tmut/Erth      10%        N/A       7%          2
 Petrify                  Tmut/Erth      13%        N/A       41%         4


Dungeon Overview and Level Annotations

Branches:
Dungeon (3/15)

Altars:


Innate Abilities, Weirdness & Mutations

You are immune to sickness and miasma.
Your stone body is resilient. (AC +4)
You are immune to poison.
You resist negative energy. (rN+)
You are resistant to electric shocks. (rElec)
You are resistant to unholy torment.
You are immune to petrification.


Message History

The quokka is heavily wounded.
The quokka bites you.
* * * LOW HITPOINT WARNING * * *
You miss the quokka.
The quokka is moderately wounded.
The quokka closely misses you.
You hit the quokka.
The quokka is severely wounded.
The quokka misses you.
You closely miss the quokka.
The quokka is severely wounded.
The quokka bites you.
* * * LOW HITPOINT WARNING * * *
The quokka closely misses you.
You barely miss the quokka.
The quokka is severely wounded.
The quokka barely misses you.
You closely miss the quokka.
The quokka is severely wounded.
The quokka closely misses you.
You barely miss the quokka.
The quokka is severely wounded.
The quokka closely misses you.
You hit the quokka.
You kill the quokka!
The orc barely misses you.
You hit the orc but do no damage. The orc closely misses you.
You closely miss the orc. The orc hits you with a +0 morningstar.
* * * LOW HITPOINT WARNING * * *
You barely miss the orc. The orc barely misses you.
You hit the orc but do no damage. The orc barely misses you.
You hit the orc but do no damage. The orc barely misses you.
You hit the orc but do no damage. The orc misses you.
You barely miss the orc. The orc barely misses you.
You completely miss the orc. The orc barely misses you.
You hit the orc but do no damage. The orc hits you with a +0 morningstar.
* * * LOW HITPOINT WARNING * * *
You hit the orc but do no damage. The orc barely misses you.
You barely miss the orc. The orc hits you with a +0 morningstar.
You die...

........##............<)o).#.# #
........##################...####
...>......### #####.......o.
....###.....########........#####
....# ####........#.........###..
##.### #.......................
#...### #.......................
###.#.# #.........#.........[...
#.#.###......@o...............
#...#.........................
#..##.#.......................
#..#..............#...........
#..####.##..........#.........
#.......##(>.^#.......[....#..
####......##..#####....#.....#...
.......##..(...).(...........#..#
.......##.....#####..#.........#


You could see an orc.

Vanquished Creatures
  An orc priest (D:3)
  Jessica (D:2)
  Natasha (thrice) (D:2)
  An orc wizard (D:3)
  3 adders
  3 worms
  2 dart slugs
  6 orcs
  5 ball pythons
  8 endoplasms
  5 giant cockroaches
  3 goblins
  10 hobgoblins
  9 jackals
  5 quokkas
  4 bats (D:1)
  3 frilled lizards
  6 kobolds
  4 rats
82 creatures vanquished.

Notes
Turn   | Place    | Note
-------+----------+-------------------------------------------
     0 | D:1      | wilfster70 the Gargoyle Earth Elementalist began the quest
                  | for the Orb.
     0 | D:1      | Reached XP level 1. HP: 10/10 MP: 3/3
    92 | D:1      | Reached skill level 4 in Earth Magic
   213 | D:1      | Reached XP level 2. HP: 11/15 MP: 3/5
   917 | D:1      | Reached XP level 3. HP: 16/19 MP: 1/6
   929 | D:1      | Reached skill level 5 in Earth Magic
  2040 | D:2      | Learned a level 3 spell: Stone Arrow
  2115 | D:2      | Found a faded altar of an unknown god.
  2141 | D:2      | Reached XP level 4. HP: 20/24 MP: 7/7
  2235 | D:2      | Noticed Natasha
  2242 | D:2      | Killed Natasha
  2243 | D:2      | Reached skill level 6 in Earth Magic
  2401 | D:2      | Noticed Natasha
  2406 | D:2      | Killed Natasha
  2407 | D:2      | Reached skill level 1 in Conjurations
  2407 | D:2      | Reached XP level 5. HP: 28/28 MP: 5/8
  2421 | D:2      | Noticed Natasha
  2427 | D:2      | Killed Natasha
  2561 | D:2      | Noticed Jessica
  2566 | D:2      | Killed Jessica
  3319 | D:3      | Reached XP level 6. HP: 32/32 MP: 6/9
  3517 | D:2      | HP: 1/32 [orc (5)]
  3947 | D:3      | Slain by an orc

Illustrated notes

Levels and vault maps discovered:
D:1:      mainiacjoe_arrival_reflecting_pool, layout_loops_corners,
          minmay_split_cup_large
D:2:      layout_basic, basic_ecumenical_altar, minmay_tetromino_s4,
          uniq_jessica, uniq_natasha
D:3:      layout_rooms, gammafunk_temple_overflow_claw

Skill      XL: |  1  2  3  4  5  6 |
---------------+-------------------+-----
Earth Magic    | 4 5 6 |  6.3
Conjurations   | 1 3 4 |  4.5
Dodging        | |  1.5
Stealth        | |  2.2
Spellcasting   | |  2.0
Transmutations | |  0.7

Action                   |  1- 3 |  4- 6 || total
-------------------------+-------+-------++-------
Melee: Unarmed           |    11 |       ||    11
       Dagger            |   116 |   114 ||   230
 Cast: Sandblast         |    34 |    67 ||   101
       Stone Arrow       |       |     2 ||     2
  Use: Scroll            |       |     1 ||     1
 Stab: Sleeping          |     5 |     1 ||     6
Armor: Robe              |    41 |    32 ||    73
Dodge: Dodged            |    90 |   107 ||   197

Table legend: (Time is in decaauts)
 A = Elapsed time spent in this place.
 B = Non-inter-level travel time spent in this place.
 C = Inter-level travel time spent in this place.
 D = Time resting spent in this place.
 E = Time spent auto-exploring this place.
 F = Levels seen in this place.
 G = Mean time per level.
                   A        B        C        D        E       F      G
               +--------+--------+--------+--------+--------+-----+--------+
         Total |   3947 |   3874 |     73 |   1544 |    996 |   3 | 1315.7 |
       Dungeon |   3947 |   3874 |     73 |   1544 |    996 |   3 | 1315.7 |
               +--------+--------+--------+--------+--------+-----+--------+

Top non-repeatable levels by time:
     D:1: 2303 daAuts
     D:2: 919 daAuts
     D:3: 725 daAuts
